 Dungeon Crawl Stone Soup version 0.24.0-123-gd5b16e6ec5 (webtiles) character file.

Game seed: 9076381178533876001, levelgen mode: deterministic

70 glosham the Chopper (level 4, 0/35 HPs)
             Began as a Mummy Abyssal Knight on Jan 4, 2020.
             Was a Follower of Lugonu.
             Slain by a leopard gecko (1 damage)
             ... on level 3 of the Dungeon.
             The game lasted 00:35:20 (1952 turns).

glosham the Chopper (Mummy Abyssal Knight)          Turns: 1952, Time: 00:35:20

Health: 0/35       AC:  9    Str: 16    XL:     4   Next: 4%
Magic:  5/5        EV:  6    Int: 11    God:    Lugonu [*.....]
Gold:   165        SH:  0    Dex: 11    Spells: 3/3 levels left

rFire    x . .     SeeInvis .   a - +1 hand axe
rCold    + + +     Gourm    .   (no shield)
rNeg     + + +     Faith    .   X - +0 chain mail
rPois    ∞         Spirit   .   (no helmet)
rElec    .         Reflect  .   (no cloak)
rCorr    .         Harm     .   V - +0 pair of gloves
MR       .....                  (no boots)
Stlth    ..........             (no amulet)
HPRegen  0.11/turn              A - ring of protection from cold
MPRegen  0.09/turn              B - ring of protection from cold

@: no status effects
A: no food or potions, fire vulnerability, cold resistance 1, negative energy
resistance 3, torment resistance, unbreathing
a: Depart the Abyss, Renounce Religion


You were on level 3 of the Dungeon.
You worshipped Lugonu.
Lugonu was aware of your devotion.
You were not hungry.

You visited 1 branch of the dungeon, and saw 3 of its levels.
You visited the Abyss 1 time.

You collected 165 gold pieces.

Inventory:

Hand Weapons
 a - a +1 hand axe (weapon)
 b - a +0 trident
 c - a +0 hunting sling
Missiles
 d - 6 poisoned darts (quivered)
 f - 66 stones
 g - 21 bolts
Armour
 V - a +0 pair of gloves (worn)
 X - a +0 chain mail (worn)
Jewellery
 A - a ring of protection from cold (left hand)
 B - a ring of protection from cold (right hand)
 Z - an uncursed ring of wizardry
Scrolls
 e - a scroll of immolation
 k - a scroll of teleportation
 o - a scroll of remove curse


   Skills:
 - Level 3.0 Fighting
 * Level 3.6 Axes
 - Level 1.5 Armour
 - Level 0.7 Dodging
 - Level 1.5 Invocations


You had 3 spell levels left.
You didn't know any spells.
Your spell library was empty.

Dungeon Overview and Level Annotations

Branches:
Dungeon (3/15)

Altars:
Elyvilon
Fedhas
Hepliaklqana

Annotations:
D:3 Sigmund


Innate Abilities, Weirdness & Mutations

You do not eat or drink.
Your flesh is vulnerable to fire.
You are immune to poison.
Your flesh is cold resistant. (rC+)
You are immune to negative energy. (rN+++)
You are immune to unholy pain and torment.
You can survive without breathing.


Message History

You bump into the rock wall.
Something hits you but does no damage. The leopard gecko bites you.
You bump into the rock wall.
The leopard gecko bites you but does no damage.
Something hits you but does no damage.
You bump into the rock wall.
The leopard gecko barely misses you.
You miss the leopard gecko.
You hear some strange, mumbled words.
You are more confused.
The leopard gecko barely misses you. Something hits you.
You bump into the rock wall.
The leopard gecko bites you but does no damage. x2
You're too confused to move!
Something hits you but does no damage.
The leopard gecko hisses menacingly.
The leopard gecko bites you but does no damage.
You bump into the rock wall.
The leopard gecko bites you but does no damage.
A magic dart appears from out of thin air!
The magic dart hits you but does no damage.
You completely miss the leopard gecko. The leopard gecko bites you.
Something hits you!
You bump into the rock wall.
The leopard gecko bites you.
The leopard gecko bites you but does no damage.
You bump into the rock wall.
Something hits you but does no damage.
The leopard gecko bites you but does no damage.
You miss the leopard gecko. The leopard gecko bites you. Something hits you!
* * * LOW HITPOINT WARNING * * *
You bump into the rock wall.
You feel less confused. The leopard gecko barely misses you.
You hit the leopard gecko but do no damage.
The leopard gecko barely misses you.
You hear some strange, mumbled words.
Something tries to affect you, but you resist.
The leopard gecko bites you but does no damage.
Okay, then.
You barely miss the leopard gecko. Something hits you but does no damage.
The leopard gecko barely misses you.
You closely miss the leopard gecko. The leopard gecko bites you.
You die...

.. .
########################
.
#........>......@l......
##.######.##############
#.# #.# #....# #.# #.#
#.##.# #.# #.#
#.#..############# #.#
#.# #.#...............
#)# #.#
#.#..############# #.#
#@######'#..# #.#
#.......@.#############


You could see a leopard gecko.

Vanquished Creatures
  3 adders
  An ooze (D:3)
  2 worms (D:2)
  A leopard gecko (D:2)
  2 orcs (D:3)
  A ball python (D:3)
  2 goblins (D:3)
  4 hobgoblins
  4 kobolds
  A quokka (D:2)
  5 bats
  2 frilled lizards
  3 rats
31 creatures vanquished.

Notes
Turn   | Place    | Note
-------+----------+-------------------------------------------
     0 | Abyss:1  | glosham the Mummy Abyssal Knight began the quest for the
                  | Orb.
     0 | Abyss:1  | Reached XP level 1. HP: 18/18 MP: 2/2
    34 | Abyss:1  | Noticed a large abomination
    49 | Abyss:1  | Noticed an ancient zyme
    69 | Abyss:1  | Noticed a worldbinder
    72 | Abyss:1  | Noticed a swamp drake
    72 | Abyss:1  | Noticed a swamp drake
    72 | D:1      | Escaped the Abyss
   590 | D:2      | Found a hazy altar of Hepliaklqana.
   801 | D:2      | Found a white marble altar of Elyvilon.
   848 | D:2      | Reached skill level 2 in Axes
   940 | D:2      | Reached XP level 2. HP: 20/24 MP: 3/3
  1273 | D:3      | Reached * piety under Lugonu
  1274 | D:3      | Noticed Sigmund
  1358 | D:2      | Reached XP level 3. HP: 28/29 MP: 4/4
  1398 | D:3      | Reached skill level 3 in Axes
  1429 | D:3      | Found a blossoming altar of Fedhas.
  1829 | D:3      | Reached XP level 4. HP: 30/35 MP: 5/5
  1948 | D:3      | HP: 1/35 [something (9)]
  1952 | D:3      | Slain by a leopard gecko

Levels and vault maps discovered:
D:1:      minmay_arrival_stone_box, layout_loops_ring
D:2:      layout_loops_corners, elyvilon_altar_3, overflow_temple_1_default,
          hangedman_abyss_or_decor_stabs
D:3:      layout_basic, fedhas_ov_isle_minmay, first_ration, uniq_sigmund

Skill      XL: |  1  2  3 |
---------------+----------+-----
Axes           | 2 3 |  3.6
Fighting       | |  3.0
Armour         | |  1.5
Dodging        | |  0.7
Invocations    | |  1.5

Action                   |  1- 3 |  4- 6 || total
-------------------------+-------+-------++-------
Melee: Hand axe          |   118 |    17 ||   135
 Fire: Hunting sling     |     2 |       ||     2
Throw: Dart              |    18 |       ||    18
Invok: Depart the Abyss  |     1 |       ||     1
  Use: Scroll            |     8 |     1 ||     9
Armor: Scale mail        |     5 |       ||     5
       Chain mail        |    51 |    24 ||    75
Dodge: Dodged            |    43 |    16 ||    59

Table legend:
 A = Turns spent in this place as a percentage of turns spent in the entire game.
 B = Non-inter-level travel turns spent in this place as a percentage of non-inter-level travel turns spent in the entire game.
 C = Inter-level travel turns spent in this place as a percentage of turns spent in this place.
 D = Turns resting spent in this place as a percentage of non-inter-level travel turns spent in this place.
 E = Turns spent auto-exploring this place as a percentage of non-inter-level travel turns spent in this place.
 F = Non-inter-level travel turns spent in this place divided by the number of levels of this place that you've seen.
                   A       B       C       D       E      F
               +-------+-------+-------+-------+-------+----------------------
         Total | 100.0 | 100.0 |   5.3 |   0.2 |   1.3 | 462.2
       Dungeon |  96.3 |  96.1 |   5.5 |   0.2 |   1.4 | 592.3
         Abyss |   3.7 |   3.9 |   0.0 |   0.0 |   0.0 |  72.0
               +-------+-------+-------+-------+-------+----------------------

Table legend:
 A = Kills in this place as a percentage of kills in entire the game.
 B = Kills by you in this place as a percentage of kills by you in the entire game.
 C = Kills by friends in this place as a percentage of kills by friends in the entire game.
 D = Other kills in this place as a percentage of other kills in the entire game.
 E = Experience gained in this place as a percentage of experience gained in the entire game.
 F = Experience gained in this place divided by the number of levels of this place that you have seen.
                   A       B       C       D       E      F
               +-------+-------+-------+-------+-------+----------------------
         Total | 100.0 | 100.0 |   N/A |   N/A | 100.0 |  25.2
       Dungeon | 100.0 | 100.0 |   N/A |   N/A | 100.0 |  33.7
               +-------+-------+-------+-------+-------+----------------------

Levels and vault maps discovered:
D:1:      minmay_arrival_stone_box, layout_loops_ring
D:2:      layout_loops_corners, elyvilon_altar_3, overflow_temple_1_default,
          hangedman_abyss_or_decor_stabs
D:3:      layout_basic, fedhas_ov_isle_minmay, first_ration, uniq_sigmund
